 Dungeon Crawl Stone Soup version 0.22-a0-571-g4a923d4 (webtiles) character file.

43 iamserjio the Covered (level 3, -5/36 HPs)
             Began as a Gargoyle Fighter on July 1, 2018.
             Killed by divine providence
             ... invoked by an orc priest
              (15 damage)
             ... on level 3 of the Dungeon.
             The game lasted 00:01:58 (354 turns).

iamserjio the Covered (Gargoyle Fighter)             Turns: 354, Time: 00:01:58

Health: -5/36      AC: 21    Str: 24    XL:     3   Next: 58%
Magic:  3/3        EV:  2    Int:  8    God:
Gold:   41         SH:  9    Dex: 10    Spells: 2/2 levels left

rFire    . . .     SeeInvis .   a - +0 war axe
rCold    . . .     Gourm    .   c - +0 shield
rNeg     + + +     Faith    .   (armour currently unavailable)
rPois    ∞         Spirit   .   (helmet currently unavailable)
rElec    .         Reflect  .   (cloak currently unavailable)
rCorr    .         Harm     .   (gloves currently unavailable)
MR       .....     NoTele   +   (boots currently unavailable)
Stlth    +.........             (no amulet)
HPRegen  0.12/turn              (no ring)
MPRegen  0.08/turn              (no ring)

@: mighty, tree-form
A: negative energy resistance 1, petrification resistance, rot immunity, AC +3
a: no special abilities


You were on level 3 of the Dungeon.
You were not hungry.
You were a tree.
You visited 1 branch of the dungeon, and saw 3 of its levels.

You collected 41 gold pieces.

Inventory:

Hand Weapons
 a - a +0 war axe (weapon)
Missiles
 h - 2 tomahawks (quivered)
Armour
 b - a +0 scale mail (melded)
 c - a +0 shield (worn)
 e - a +0 pair of boots (melded)
Scrolls
 i - a scroll of identify {unknown}
Potions
 d - a potion of might
 g - a potion of lignification
Comestibles
 f - a ration


   Skills:
 + Level 3.6 Fighting
 * Level 2.5 Axes
 + Level 3.7 Armour
 + Level 3.6 Shields


You had 2 spell levels left.
You didn't know any spells.
Your spell library was empty.

Dungeon Overview and Level Annotations

Branches:
Dungeon (3/15)

Altars:


Innate Abilities, Weirdness & Mutations

You are resistant to torment.
((Your stone body is resilient. (AC +3)))
You are immune to poison.
You resist negative energy. (rN+)
((You are resistant to electric shocks. (rElec)))
((You can survive without breathing.))
You are immune to petrification.
You are immune to rotting.


Message History

The orc hits you with an enchanted trident.
* * * LOW HITPOINT WARNING * * *
An orc comes into view. It is wielding a hand axe.
Things that are here:
a flail; 13 gold pieces; an orc corpse You feel very mighty all of a sudden.
The orc barely misses you.
It was a potion of lignification.
You turn into a tree.
Your +0 pair of boots melds into your body.
Your +0 scale mail melds into your body.
Your roots penetrate the ground.
The orc hits you but does no damage.
The rat twitches its whiskers.
You barely miss the orc. You block the orc's attack.
You slash the orc!
You kill the orc!
You slash the hobgoblin!
You kill the hobgoblin!
The orc priest invokes the aid of Beogh against you.
Beogh smites you!
You die... .. . .. .# #.####. ##..... .)r.. oow

.# #)# #. #♣# #. #.#
#. # #.##. ##. #
#.#.## #..
.%..#####.#..###.##.#
#..........#.....#
#.#########.# #.# #.#


You could see a worm, an orc priest, an orc and a rat.

Vanquished Creatures
  An adder (D:3)
  A dart slug (D:3)
  7 orcs (D:3)
  A ball python (D:1)
  3 goblins
  4 hobgoblins
  3 jackals (D:3)
  A frilled lizard (D:3)
  A kobold (D:3)
22 creatures vanquished.

Notes
Turn   | Place    | Note
-------+----------+-------------------------------------------
     0 | D:1      | iamserjio the Gargoyle Fighter began the quest for the Orb.
     0 | D:1      | Reached XP level 1. HP: 14/14 MP: 1/1
   278 | D:3      | Reached XP level 2. HP: 17/19 MP: 2/2
   291 | D:3      | Reached XP level 3. HP: 15/23 MP: 3/3
   354 | D:3      | Killed from afar by an orc priest

Vault maps used:
D:1:      minmay_arrival_glassed_features, cheibriados_altar_1
D:2:      hangedman_decor_diamond_cutter, serial_bayou_lake_a
D:3:      lemuel_doored_altar, first_ration, minmay_vboxes

Skill      XL: |  1 |
---------------+----+-----
Axes           | 2 |  2.5
Fighting       | |  3.6
Armour         | |  3.7
Shields        | |  3.6

Action                   || total
-------------------------++-------
Melee: War axe           ||    52
  Use: Potion            ||     2
Armor: Scale mail        ||    42
Dodge: Dodged            ||    18
Block: Shield            ||    47

Table legend:
 A = Spawn XP
 B = Non-spawn XP
 C = Spawn XP percentage of total XP
 D = Spawn monster count
 E = Non-spawn monster count
 F = Spawn count percentage of total count
 G = Total turns spent on level
                    A         B        C        D         E        F      G
               +---------+---------+-------+---------+---------+-------+---------
         Total |       0 |      62 |   0.0 |       0 |      22 |   0.0 |   354
               +---------+---------+-------+---------+---------+-------+---------
           D:1 |       0 |       6 |   0.0 |       0 |       3 |   0.0 |    86
           D:3 |       0 |      56 |   0.0 |       0 |      19 |   0.0 |    81
               +---------+---------+-------+---------+---------+-------+---------
